 Dungeon Crawl Stone Soup version 0.20-a0-738-gb057e68 (webtiles) character file.

176 Gorglomux the Stinger (level 5, -7/28 HPs)
             Began as a Deep Elf Venom Mage on Feb 23, 2017.
             Killed by divine providence
             ... invoked by an orc priest
              (14 damage)
             ... on level 3 of the Dungeon.
             The game lasted 00:05:29 (3121 turns).

Gorglomux the Stinger (Deep Elf Venom Mage)         Turns: 3121, Time: 00:05:30

Health: -7/28      AC:  3    Str:  5    XL:     5   Next: 30%
Magic:  0/13       EV: 13    Int: 21    God:
Gold:   37         SH:  0    Dex: 15    Spells: 3/13 levels left

rFire    . . .     SeeInvis .   L - -2 short sword (curse)
rCold    . . .     Gourm    .   a - +0 robe
rNeg     . . .     Faith    .   (no shield)
rPois    .         Spirit   .   f - +0 helmet
rElec    .         Reflect  .   (no cloak)
rCorr    .         Harm     .   (no gloves)
MR       .....                  (no boots)
Stlth    ++........             (no amulet)
Regen    0.1/turn               (no ring)
MPRegen  0.2/turn               (no ring)

@: very slightly contaminated
A: no striking features
a: no special abilities


You were on level 3 of the Dungeon.
You were hungry.

You visited 1 branch of the dungeon, and saw 3 of its levels.

You collected 37 gold pieces.

Inventory:

Hand Weapons
 L - a cursed -2 short sword (weapon)
Armour
 a - a +0 robe (worn)
 f - a +0 helmet (worn)
Wands
 I - a wand of iceblast (10/15)
Scrolls
 g - a scroll of teleportation {unknown}
 i - a scroll of enchant armour {unknown}
 J - a scroll of remove curse {unknown}
 O - a scroll of magic mapping {unknown}
Potions
 e - 2 potions of curing
 j - a potion of mutation {unknown}
 l - a potion of lignification {unknown}
 m - a potion of berserk rage {unknown}
Books
 b - a Young Poisoner's Handbook

   Spells                             Type                      Level
   a - Sting                          Conjuration/Poison           1
   b - Poisonous Vapours              Poison/Air                   2
   c - Mephitic Cloud                 Conjuration/Poison/Air       3
   d - Olgreb's Toxic Radiance        Poison                       4
   e - Venom Bolt                     Conjuration/Poison           5
Comestibles
 c - 2 bread rations
 h - a fruit
 N - a meat ration


   Skills:
 - Level 2.4 Dodging
 - Level 2.4 Stealth
 + Level 4.6 Spellcasting
 - Level 2.0 Conjurations
 - Level 1.3 Air Magic
 + Level 5.3 Poison Magic


You had 3 spell levels left.
You knew the following spells:

 Your Spells              Type           Power        Failure   Level  Hunger
a - Sting                 Conj/Pois      ###.         2%          1    None
b - Poisonous Vapours     Pois/Air       ###...       6%          2    #......
c - Olgreb's Toxic Radia  Pois           ####....     17%         4    ####...
m - Mephitic Cloud        Conj/Pois/Air  ###.....     12%         3    ##.....


Dungeon Overview and Level Annotations

Branches:
Dungeon (3/15)

Altars:


Message History

Unknown command.
You hit the orc priest but do no damage.
The orc priest is moderately wounded.
You kill the orc! x2
The orc priest invokes the aid of Beogh against you.
Pain shoots through your body!
* * * LOW HITPOINT WARNING * * *
Unknown command.
Casting: Olgreb's Toxic Radiance
Confirm with . or Enter, or press ? or * to list all spells.
Aiming: Sting
Press: ? - help, Shift-Dir - straight line, f - orc priest
Aim: an orc priest, wielding a club and wearing a scale mail (heavily wounded, poisoned)
The sting hits the orc priest.
The orc priest appears unharmed.
The orc priest is heavily wounded.
The jackal looks more healthy.
The orc closely misses you.
The orc priest mumbles some strange prayers to Beogh against you.
Beogh smites you!
Ouch! That really hurt!
You die...

######### #..)....#
#.#####.# #.# ##.##
#.# #.... #.# #..##
########### #.# #..#
#.>)....o@# #.# #.(#
#.#######o# #.# #..#
#.# #h# #.####..##
#.# #h# ##<##......
#o# #.# #...#.##.##
#.#
####.######.#......<.
#.#
#....................
#.#
#.##..######.##.##.##
#.#
#.#...........#.##.##


You could see an orc priest, an orc and 2 jackals.

Vanquished Creatures
  3 adders
  8 gnolls
  A worm (D:2)
  A dart slug (D:1)
  3 leopard geckos
  3 orcs (D:3)
  A ball python (D:2)
  3 giant cockroaches
  8 goblins
  9 hobgoblins
  5 jackals
  3 kobolds
  3 bats
  2 frilled lizards
  11 rats
64 creatures vanquished.

Notes
Turn   | Place    | Note
-------+----------+-------------------------------------------
     0 | D:1      | Gorglomux the Deep Elf Venom Mage began the quest for the Orb.
     0 | D:1      | Reached XP level 1. HP: 10/10 MP: 6/6
   220 | D:1      | Reached XP level 2. HP: 12/15 MP: 5/8
   249 | D:1      | Learned a level 2 spell: Poisonous Vapours
   652 | D:1      | Reached skill level 4 in Poison Magic
   971 | D:1      | Reached XP level 3. HP: 19/19 MP: 6/9
  1026 | D:1      | Reached skill level 1 in Air Magic
  1440 | D:2      | Learned a level 3 spell: Mephitic Cloud
  1584 | D:2      | Reached XP level 4. HP: 24/24 MP: 2/11
  2601 | D:3      | Reached skill level 5 in Poison Magic
  2717 | D:3      | Learned a level 4 spell: Olgreb's Toxic Radiance
  2813 | D:3      | Reached XP level 5. HP: 5/28 MP: 1/13
  3121 | D:3      | Killed from afar by an orc priest

Vault maps used:
D:1:      co_arrival_random_square_maze
D:2:      hangedman_decor_opposing
D:3:      lemuel_doored_altar, kennysheep_jessica_study

Skill      XL: |  1  2  3  4 |
---------------+-------------+-----
Conjurations   | 2 |  2.0
Poison Magic   | 4 5 |  5.3
Air Magic      | 1 |  1.3
Spellcasting   | 4 |  4.6
Dodging        | |  2.4
Stealth        | |  2.4

Action                   |  1- 3 |  4- 6 || total
-------------------------+-------+-------++-------
Melee: Unarmed           |     1 |     5 ||     6
       Short sword       |       |     8 ||     8
 Cast: Sting             |    21 |    12 ||    33
       Poisonous Vapours |    32 |    22 ||    54
       Olgreb's Toxic Ra |       |     3 ||     3
  Use: Potion            |       |     1 ||     1
  Eat: Chunk             |     3 |     6 ||     9
Armor: Robe              |       |     1 ||     1
Dodge: Dodged            |     7 |    20 ||    27
